AoeStats
← Paladinho

Arabia

505597398Analyzed
1v1 RM · 22d ago on Sep 10, 2026· 43m 20s· 2 players
Game mode
Random Map
Map size
Tiny (2 player)
Population
200
Speed
Normal
Resources
Standard
Victory
Conquest
Starting age
Dark Age
Ending age
Imperial Age
RankedLock teamsTeams togetherTeam positionsShared explorationLock speedFull tech treeHidden civsTurbo modeCheats
Victory
Defeat
983
+17
🇻🇪 Saracens · Venezuela
1005
-17
Pantaleón I <Ciruja de Orleans>
8:58 Loom
11:01 Feudal Age
11:47 Double-Bit Axe
21:19 Castle Age
20:17 Bloodlines
21:10 Scale Barding Armor
21:23 Forging
22:29 Chain Barding Armor
25:27 Forging
28:50 Fletching
29:42 Iron Casting
31:50 Town Watch
39:04 Wheelbarrow
38:34 Town Patrol
40:25 Hand Cart
40:31 Fletching
41:20 Bodkin Arrow
Paladinho
7:38 Loom
10:19 Feudal Age
11:14 Double-Bit Axe
13:39 Town Watch
14:09 Fletching
21:10 Wheelbarrow
23:35 Castle Age
23:51 Crossbowman
24:27 Bodkin Arrow
25:01 Padded Archer Armor
24:33 Pikeman
32:20 Scale Mail Armor
36:16 Chain Mail Armor
37:22 Squires
38:08 Horse Collar
Connection lost

Rejoining the realm…

Still unreachable

The connection could not be restored.

Session expired

The server has moved on; the page needs a fresh start.